 Dungeon Crawl Stone Soup version 0.31.0-4-g52a2dc7128 (webtiles) character file.

Game seed: 16146480461008309228

421 SnakkuSnakku7 the Chucker (level 6, 0/46 HPs)
             Began as a Merfolk Earth Elementalist on Jan 22, 2024.
             Was a Believer of Sif Muna.
             Slain by an ufetubus (3 damage)
             ... on level 4 of the Dungeon.
             The game lasted 00:04:51 (4017 turns).

SnakkuSnakku7 the Chucker (MfEE)                    Turns: 4017, Time: 00:04:53

Health: 0/46       AC:  6    Str:  9    XL:     6   Next: 94%
Magic:  9/9        EV: 10    Int: 14    God:    Sif Muna [**....]
Gold:   121        SH:  0    Dex: 16    Spells: 8/9 levels left

rFire   . . .        a - +1 dagger (venom)
rCold   . . .        (no shield)
rNeg    . . .        n - +0 ring mail
rPois   .            (no helmet)
rElec   .            (no cloak)
rCorr   .            (no gloves)
SInv    .            m - +0 pair of boots
Will    .....        (no amulet)
Stlth   +            q - ring of wizardry
HPRegen 0.27/turn    (no ring)
MPRegen 0.11/turn

%: wizardry (x1)
@: lethally poisoned (0 -> -7)
A: (nimble swimmer 2), mertail
a: Renounce Religion, Channel Magic


You were on level 4 of the Dungeon.
You worshipped Sif Muna.
Sif Muna was pleased with you.
You visited 1 branch of the dungeon, and saw 5 of its levels.

You collected 121 gold pieces.

Inventory:

Hand Weapons
 a - a +1 dagger of venom (weapon)
 e - a +0 club
 f - a +2 vampiric dagger
Missiles
 p - 5 silver javelins
 t - 3 poisoned darts
 w - a throwing net
Armour
 m - a +0 pair of boots (worn)
 n - a +0 ring mail (worn)
 v - a +0 robe
Jewellery
 q - a ring of wizardry (left hand)
Wands
 s - a wand of roots (6)
Scrolls
 c - 3 scrolls of enchant armour {unknown}
 h - 3 scrolls of identify {unknown}
 i - a scroll of vulnerability {unknown}
 j - 2 scrolls of teleportation {unknown}
 k - a scroll of fear {unknown}
 l - a scroll of fog {unknown}
 o - a scroll of butterflies {unknown}
Potions
 b - a potion of magic
 d - 2 potions of enlightenment {unknown}
 g - 2 potions of heal wounds {unknown}
 r - 2 potions of attraction {unknown}
 u - 2 potions of curing {unknown}


   Skills:
 - Level 2.4 Fighting
 - Level 1.7 Short Blades
 + Level 6.0 Throwing
 - Level 2.6 Dodging
 - Level 2.1 Stealth
 - Level 2.0 Spellcasting
 - Level 0.7 Conjurations
 - Level 2.4 Earth Magic


You had 8 spell levels left.
You knew the following spells:

 Your Spells              Type           Power      Damage    Failure   Level
a - Sandblast             Erth           16%        2d6       11%         1

Your spell library contained the following spells:

 Spells                   Type           Power      Damage    Failure   Level
 Summon Small Mammal      Summ           4%         N/A       26%         1
 Passwall                 Erth           8%         N/A       28%         3
 Mercury Vapours          Alch/Air       2%         N/A       36%         2
 Stone Arrow              Conj/Erth      10%        3d7       38%         3
 Mephitic Cloud           Conj/Alch/Air  2%         N/A       56%         3
 Call Canine Familiar     Summ           1%         N/A       58%         3
 Brom's Barrelling Bould  Conj/Erth      5%         2d3       77%         4
 Petrify                  Alch/Erth      4%         N/A       82%         4
 Summon Blazeheart Golem  Fire/Summ      1%         N/A       92%         4
 Freezing Cloud           Conj/Ice/Air   1%         6-21      99%         5


Dungeon Overview and Level Annotations

Branches:
Dungeon (5/15)             Temple (0/1) D:4

Altars:
Ru
Sif Muna


Innate Abilities, Weirdness & Mutations

((You are very nimble when in or above water. (Stealth+, EV+, Speed+++)))
Your lower body shifts to a powerful aquatic tail in water.


Message History

The ufetubus hits you but does no damage.
The ufetubus barely misses you. The ufetubus misses you.
The ufetubus closely misses you. The scorpion stings you.
You are more poisoned.
The scorpion poisons you!
You barely miss the scorpion.
The scorpion is almost dead.
You feel very sick.
You kill the scorpion!
Sif Muna accepts your kill.
The ufetubus hits you but does no damage. x2
The ufetubus hits you. The ufetubus barely misses you. The ufetubus misses you.
The ufetubus hits you.
The ufetubus hits you but does no damage.
The ufetubus barely misses you.
Your Throwing skill increases to level 6!
You barely miss the ufetubus.
The ufetubus is heavily wounded.
You feel very sick. The ufetubus barely misses you.
The ufetubus hits you but does no damage.
The ufetubus closely misses you. The ufetubus hits you.
* * * LOW HITPOINT WARNING * * *
You hit the ufetubus.
The ufetubus is poisoned.
The ufetubus is lightly wounded.
You feel sick. The ufetubus barely misses you. x3
The ufetubus hits you but does no damage.
You barely miss the ufetubus.
The ufetubus is moderately wounded.
You feel sick. The ufetubus hits you.
* * * LOW HITPOINT WARNING * * *
The ufetubus hits you but does no damage.
The ufetubus hits you.
* * * LOW HITPOINT WARNING * * *
The ufetubus hits you but does no damage.
The ufetubus hits you.
* * * LOW HITPOINT WARNING * * *
The ufetubus hits you but does no damage.
The ufetubus hits you.
You die...

....................#.......#....
.....#####..####.####.......#.###
.##.## ##..##.....#.#...#.#.#
.##.# ##.##.....#.......#.# ###.#
#..#....<#.......#.# # #.#
##.......#.#...#.#.### #.#
##...##.#.......#.##. ###.###
####55..#.......#.##. ......#
#...@#..#.#...#.#.##. ......#
#.#####.#.......#.... ......# #.#
#.#.......###.. ####### #.#
#...##....# #.. ..# #.#
#########.# ##. #.# #.# #.# ##
#.# #.# #.# #
#.###########.#############.#####
#............................)...


You could see 2 ufetubi.

Vanquished Creatures
  An ogre (D:4)
  A scorpion (D:4)
  A bombardier beetle (D:4)
  A hound (D:3)
  An orc priest (D:4)
  5 adders
  4 gnolls
  A dart slug (D:2)
  4 orcs (D:4)
  8 endoplasms
  5 giant cockroaches
  11 goblins
  12 hobgoblins
  8 jackals (D:3)
  5 quokkas
  5 ball pythons
  7 bats
  A frilled lizard (D:1)
  8 kobolds
  3 rats
92 creatures vanquished.

Notes
Turn   | Place    | Note
-------+----------+-------------------------------------------
     0 | D:1      | SnakkuSnakku7 the Merfolk Earth Elementalist began the
                  | quest for the Orb.
     0 | D:1      | Reached XP level 1. HP: 13/13 MP: 3/3
    71 | D:1      | You fall into a shaft and drop 1 floor!
   146 | D:1      | Reached skill level 1 in Fighting
   187 | D:1      | Reached XP level 2. HP: 10/22 MP: 1/5
   560 | D:1      | Reached skill level 1 in Short Blades
   582 | D:1      | Reached XP level 3. HP: 28/28 MP: 6/6
  1306 | D:2      | Reached skill level 1 in Throwing
  1448 | D:2      | Found a faded altar of an unknown god.
  1531 | D:2      | Prayed at the altar of an unknown god.
  1531 | D:2      | Became a worshipper of Sif Muna the Loreminder
  1531 | D:2      | Reached * piety under Sif Muna
  1723 | D:2      | Reached XP level 4. HP: 34/34 MP: 7/7
  1744 | D:2      | Reached skill level 2 in Throwing
  1865 | D:3      | Reached skill level 3 in Throwing
  1865 | D:3      | Reached XP level 5. HP: 18/39 MP: 8/8
  2294 | D:3      | Reached ** piety under Sif Muna
  2305 | D:3      | Reached skill level 4 in Throwing
  2999 | D:4      | Found a sacrificial altar of Ru.
  3064 | D:4      | Noticed an ogre
  3080 | D:4      | Killed an ogre
  3081 | D:4      | Reached skill level 5 in Throwing
  3081 | D:4      | Reached XP level 6. HP: 23/46 MP: 9/9
  3754 | D:4      | Found a staircase to the Ecumenical Temple.
  4001 | D:5      | Entered Level 5 of the Dungeon
  4015 | D:4      | Reached skill level 6 in Throwing
  4017 | D:4      | Slain by an ufetubus

Illustrated notes

Levels and vault maps discovered:
D:1:      shiori_arrival_oz, layout_basic, nrook_mini_backslash
D:2:      minmay_diamond_boxcup, layout_loops_ring, serial_glass,
          glass_columns_a, glass_columns_b, glass_columns_a, glass_columns_a,
          glass_columns_b, glass_columns_b, glass_columns_c, glass_columns_a,
          glass_columns_c, glass_columns_c, chequers_ecumenical_altar_twisty,
          minmay_unequal
D:3:      layout_loops_ring, serial_bayou, serial_bayou_lagoon_a,
          serial_bayou_shore_b, serial_bayou_pond_a, serial_bayou_lagoon_b
D:4:      layout_basic, nicolae_ru_awakened_eye, temple_hall, hex_tiny,
          nrook_campfire
D:5:      layout_rooms, mainiacjoe_overflow_alcove_4, nicolae_uskayaw_en_pointe,
          zin_statuary, nicolae_shop_self_help

Skill      XL: |  1  2  3  4  5  6 |
---------------+-------------------+-----
Fighting       | 1 2 |  2.4
Short Blades   | 1 |  1.7
Throwing       | 1 3 5 6 |  6.0
Dodging        | |  2.6
Stealth        | |  2.1
Spellcasting   | |  2.0
Conjurations   | |  0.7
Earth Magic    | |  2.4

Action                     |  1- 3 |  4- 6 || total
---------------------------+-------+-------++-------
  Melee: Club              |    17 |       ||    17
         Unarmed           |    14 |       ||    14
         Dagger            |   109 |   229 ||   338
         Punch             |     1 |     2 ||     3
         Tailslap          |       |     5 ||     5
  Throw: Dart              |       |     3 ||     3
         Javelin           |       |     2 ||     2
         Throwing net      |       |     2 ||     2
   Cast: Sandblast         |     8 |       ||     8
  Evoke: Wand              |       |     1 ||     1
   Stab: Sleeping          |     5 |     4 ||     9
 Armour: Robe              |    44 |       ||    44
         Ring mail         |    30 |   142 ||   172
  Dodge: Dodged            |   104 |   119 ||   223
